Selects Special Operations Battlegroup
Selects M29 Weasel Recon Vehicle
Construct Weapon Support Center
Construct Medical Station
M3 Armored Personnel Carrier
M3 Armored Personnel Carrier
Selects SSF Commando Squad
Improved M9 Bazooka Rockets
Selects P-47 Anti-Infantry Loiter
P-47 Anti-Infantry Loiter
Selects M4A1 Sherman Whizbang
P-47 Anti-Infantry Loiter
P-47 Anti-Infantry Loiter
M18 Hellcat Tank Destroyer
Selects Assault Operation
M18 Hellcat Tank Destroyer
P-47 Anti-Infantry Loiter
M18 Hellcat Tank Destroyer